 Dungeon Crawl Stone Soup version 0.32-a0-961-gd60f5e5fc7 (webtiles) character file.

Game seed: 9879018803342343405

46 PriceMaster the Apothecary (level 3, -5/16 HPs)
             Began as a Spriggan Alchemist on Apr 18, 2024.
             Killed by divine providence
             ... invoked by an orc priest
              (13 damage)
             ... on level 3 of the Dungeon.
             The game lasted 00:01:06 (1112 turns).

PriceMaster the Apothecary (Spriggan Alchemist)     Turns: 1112, Time: 00:01:07

Health: -5/16      AC:  3    Str:  4    XL:     3   Next: 44%
Magic:  5/9        EV: 16    Int: 18    God:
Gold:   95         SH:  0    Dex: 15    Spells: 8/9 levels left

rFire   . . .        m - +2 hand axe (heavy)
rCold   . . .        (no shield)
rNeg    . . .        a - +0 robe
rPois   .            (helmet restricted)
rElec   .            d - +0 cloak
rCorr   .            (gloves unavailable)
SInv    +            (boots unavailable)
Will    .....        (no amulet)
Stlth   ++           (no ring)
HPRegen 0.22/turn    (no ring)
MPRegen 0.11/turn

%: no passive effects
@: very quick
A: very small, no large weapons, unfitting armour, see invisible, speed 3
a: Convert to Beogh


You were on level 3 of the Dungeon.
You visited 1 branch of the dungeon, and saw 3 of its levels.

You collected 95 gold pieces.

Inventory:

Hand Weapons
 c - a +0 whip
 m - a +2 heavy hand axe (weapon)
Armour
 a - a +0 robe (worn)
 d - a +0 cloak (worn)
Scrolls
 e - a scroll of vulnerability {unknown}
 f - 2 scrolls of identify {unknown}
 h - a scroll of poison {unknown}
 j - a scroll of brand weapon {unknown}
 k - a scroll of teleportation {unknown}
Potions
 b - a potion of magic
 g - a potion of resistance {unknown}
 i - 2 potions of lignification {unknown}
 l - a potion of heal wounds {unknown}
 n - a potion of ambrosia {unknown}


   Skills:
 + Level 0.1 Axes
 + Level 3.0 Dodging
 + Level 3.2 Stealth
 + Level 3.5 Spellcasting
 + Level 0.8 Conjurations
 + Level 4.1 Alchemy


You had 8 spell levels left.
You knew the following spells:

 Your Spells              Type           Power      Damage    Failure   Level
a - Sting                 Conj/Alch      48%        1d6       5%          1

Your spell library contained the following spells:

 Spells                   Type           Power      Damage    Failure   Level
 Mercury Vapours          Alch/Air       20%        N/A       10%         2
 Apportation              Tloc           6%         N/A       16%         1
 Necrotise                Necr           12%        1d4       16%         1
 Summon Small Mammal      Summ           12%        N/A       16%         1
 Mephitic Cloud           Conj/Alch/Air  9%         N/A       24%         3
 Olgreb's Toxic Radiance  Alch           18%        N/A       28%         4
 Sticky Flame             Fire/Alch      10%        2d5       54%         4


Dungeon Overview and Level Annotations

Branches:
Dungeon (3/15)

Altars:

Shops:
D:2 *


Innate Abilities, Weirdness & Mutations

You are very small and have problems with some larger weapons.
You are too small for most types of armour.
You have supernaturally acute eyesight. (SInv)
You cover ground extremely quickly. (Speed+++)


Message History

A rat comes into view.
A rat is nearby!
You can't see any susceptible monsters within range! (Use Z to cast anyway.)
A rat is nearby!
The rat squeaks loudly.
A rat is nearby!
The sting hits the rat.
The rat is poisoned.
You kill the rat!
No target in view!
You can't see any susceptible monsters within range! (Use Z to cast anyway.)
A bat comes into view.
The bat moves out of view.
You can't see any susceptible monsters within range! (Use Z to cast anyway.) No target in view!
Found a metallic golden potion.
An orc priest comes into view. It is wielding a +0 mace.
Found a stone staircase leading down.
The orc priest shouts!
There are monsters nearby!
An orc and an endoplasm come into view.
The orc shouts!
The bat closely misses you.
The sting hits the bat.
The bat is poisoned.
You kill the bat!
The endoplasm quivers.
There are monsters nearby!
You see here a bat corpse.
The sting hits the orc priest but does no damage.
The orc priest is poisoned.
The sting hits the orc priest.
The orc priest looks even sicker.
The orc priest is heavily wounded.
You hit the orc priest but do no damage.
The orc priest is severely wounded.
The orc priest mumbles some strange prayers to Beogh against you.
Pain shoots through your body!
Ouch! That really hurt!
The orc priest calls down the wrath of Beogh upon you.
Beogh smites you!
Ouch! That really hurt!
You die...

##.#........#.#.##......#
...##.##......#.##......#
##....##.######รท#####'###
#.#..##.# #.# .....
##+#..##.# #.# .....
.........# #.# ......
........#######.##o.....
................#oJ.!...
.............##.@.......
........##..............
........##.......####'##
........##.......#
........#######..#
######### #..# #..# #...
#.##>


You could see an orc priest (very poisoned), an orc and an endoplasm.

Vanquished Creatures
  2 adders
  2 dart slugs (D:2)
  A ribbon worm (D:2)
  2 ball pythons (D:3)
  An endoplasm (D:3)
  A giant cockroach (D:1)
  A goblin (D:3)
  2 hobgoblins (D:3)
  A quokka (D:3)
  4 bats (D:3)
  5 frilled lizards
  2 kobolds
  3 rats (D:3)
27 creatures vanquished.

Notes
Turn   | Place    | Note
-------+----------+-------------------------------------------
     0 | D:1      | PriceMaster the Spriggan Alchemist began the quest for the
                  | Orb.
     0 | D:1      | Reached XP level 1. HP: 9/9 MP: 5/5
   113 | D:1      | You fall into a shaft and drop 1 floor!
   140 | D:2      | Found Atoonut's General Store.
   266 | D:2      | Reached XP level 2. HP: 13/13 MP: 0/7
   853 | D:3      | Reached skill level 4 in Alchemy
   860 | D:3      | Reached XP level 3. HP: 16/16 MP: 2/8
  1112 | D:3      | Killed from afar by an orc priest

Illustrated notes

Levels and vault maps discovered:
D:1:      mainiacjoe_arrival_reflecting_pool, layout_basic,
          nicolae_ecumenical_lake_church, minmay_heptomino_l4
D:2:      layout_basic, serial_shops, shop
D:3:      layout_basic

Skill      XL: |  1  2 |
---------------+-------+-----
Spellcasting   | 3 |  3.5
Alchemy        | 4 |  4.1
Dodging        | 3 |  3.0
Axes           | |  0.1
Stealth        | |  3.2
Conjurations   | |  0.8

Action                     || total
---------------------------++-------
  Melee: Whip              ||     6
         Hand axe          ||    13
   Cast: Sting             ||    35
   Stab: Sleeping          ||     1
 Armour: Robe              ||    10
  Dodge: Dodged            ||    23

Table legend: (Time is in decaauts)
 A = Elapsed time spent in this place.
 B = Non-inter-level travel time spent in this place.
 C = Inter-level travel time spent in this place.
 D = Time resting spent in this place.
 E = Time spent auto-exploring this place.
 F = Levels seen in this place.
 G = Mean time per level.
                   A        B        C        D        E       F      G
               +--------+--------+--------+--------+--------+-----+--------+
         Total |    835 |    826 |      9 |      0 |    676 |   3 |  278.3 |
       Dungeon |    835 |    826 |      9 |      0 |    676 |   3 |  278.3 |
               +--------+--------+--------+--------+--------+-----+--------+

Top non-repeatable levels by time:
     D:2: 498 daAuts
     D:3: 251 daAuts
     D:1: 85 daAuts
